Map: Ascension to Aiur LE

Players

LiquidTLO (TLO)

  • Race: Zerg Zerg
  • League: Grandmaster
  • Spawn Location: 5:00

Stats - Winner!

  • Race: Protoss Protoss
  • League: Master
  • Spawn Location: 11:00

Event: HomeStory Cup XVI

VOD

Have the link to the VOD?

Description

Time

  • Played on: Nov. 10, 2017, 9:09 a.m.
  • Length: 11:06

All games in this series

Show
View Real Time Build Order
Export as new Build Order

LiquidTLO Zerg 

Build Orders: Hatch First 

Get SALT Encoding   

  12  0:01  Drone  
  13  0:12  Overlord  
  13  0:17  Drone  
  14  0:30  Drone x2  
  14  0:34  Drone  
  17  0:51  Hatchery  
  17  0:54  Drone  
  17  1:08  Spawning Pool  
  17  1:11  Drone  
  17  1:14  Drone  
  17  1:17  Drone  
  19  1:27  Drone  
  20  1:38  Overlord  
  20  1:41  Extractor  
  19  1:54  Queen, Zergling x2  
  19  2:00  Zergling x2  
  23  2:02  Queen  
  23  2:03  Drone  
  26  2:11  Drone  
  26  2:15  Drone  
  28  2:21  Drone  
  29  2:25  Hatchery  
  29  2:29  Drone  
  29  2:36  Queen  
  31  2:43  Overlord  
  31  2:46  Drone  
  31  2:48  Drone  
  33  2:52  Metabolic Boost  
  33  2:54  Zergling x2  
  33  2:57  Drone  
  35  3:06  Drone x2  
  35  3:07  Drone  
  35  3:08  Drone  
  35  3:10  Drone  
  35  3:12  Zergling x2  
  41  3:19  Overlord  
  41  3:20  Drone  
  42  3:28  Queen  
  42  3:30  Spore Crawler  
  42  3:32  Overlord  
  43  3:34  Drone  
  43  3:37  Drone  
  43  3:39  Spore Crawler  
  44  3:41  Drone  
  44  3:43  Drone  
  44  3:45  Drone  
  47  3:49  Drone  
  47  3:52  Baneling Nest  
  47  3:53  Drone  
  48  3:57  Spore Crawler, Drone  
  48  4:00  Drone  
  49  4:03  Drone x2  
  49  4:05  Drone  
  49  4:06  Drone  
  54  4:10  Drone x2  
  54  4:16  Evolution Chamber, Extractor  
  53  4:18  Drone x2  
  53  4:19  Drone  
  53  4:21  Drone  
  53  4:23  Zergling x2  
  58  4:24  Drone  
  58  4:26  Drone  
  58  4:28  Zergling x2  
  58  4:29  Zergling x2  
  63  4:31  Zergling x2  
  63  4:34  Zergling x2  
  63  4:35  Zergling x2  
  65  4:40  Overlord  
  65  4:41  Overlord  
  65  4:42  Zergling x2  
  66  4:48  Zergling x2  
  66  4:49  Zergling x2  
  66  4:50  Zergling x2  
  66  4:51  Zergling x2  
  64  4:54  Zergling x4  
  64  4:55  Zergling x4  
  64  4:58  Zergling x2  
  64  4:59  Queen  
  68  5:01  Queen  
  68  5:02  Zergling x2  
  68  5:04  Zergling x2  
  68  5:06  Zergling x2  
  73  5:09  Zergling x2  
  73  5:11  Zerg Melee Weapons Level 1  
  73  5:17  Overlord  
  73  5:18  Baneling x6  
  73  5:19  Overlord, Zergling x2  
  73  5:33  Zergling x8  
  70  5:36  Zergling x8  
  70  5:37  Zergling x2  
  70  5:38  Zergling x6  
  70  5:43  Queen x2  
  70  5:46  Zergling x2  
  74  5:50  Zergling x4  
  75  6:00  Queen  
  75  6:01  Zergling x2  
  72  6:04  Drone  
  72  6:05  Drone  
  72  6:09  Spore Crawler  
  72  6:10  Zergling x2  
  74  6:14  Zergling x2  
  74  6:15  Zergling x2  
  74  6:18  Zergling x2  
  77  6:19  Queen x2  
  77  6:23  Drone  
  77  6:24  Overlord  
  82  6:27  Overlord  
  82  6:33  Overlord x2  
  81  6:40  Queen  
  81  6:43  Zergling x4  
  81  6:44  Zergling x4  
  81  6:46  Zergling x2  
  83  6:50  Zergling x2  
  83  6:52  Drone x2  
  86  6:55  Queen, Zergling x2  
  86  7:00  Drone  
  91  7:02  Zergling x2  
  91  7:03  Zergling x8  
  91  7:04  Baneling x2  
  91  7:06  Drone  
  91  7:07  Drone  
  97  7:11  Drone, Zergling x2  
  95  7:15  Lair  
  95  7:16  Queen  
  95  7:18  Drone  
  95  7:19  Drone x2, Zergling x2  
  95  7:20  Zergling x2  
  95  7:22  Zergling x2  
  103  7:24  Baneling  
  103  7:25  Baneling x11  
  103  7:29  Zergling x2  
  104  7:30  Zergling x2  
  104  7:31  Pneumatized Carapace, Zergling x2  
  104  7:32  Drone x2  
  104  7:33  Extractor  
  104  7:36  Drone  
  108  7:37  Extractor  
  108  7:38  Extractor, Drone, Zergling x2  
  108  7:39  Extractor, Drone x2  
  108  7:43  Zergling x2  
  110  7:47  Zergling x4  
  110  7:50  Zergling x2  
  113  8:02  Queen  
  113  8:05  Zergling x2  
  84  8:13  Zergling x2  
  81  8:21  Zergling x14  
  81  8:23  Zergling x2  
  81  8:24  Zergling x8  
  81  8:25  Queen  
  93  8:28  Baneling  
  93  8:29  Queen, Baneling x2  
  93  8:30  Zerg Melee Weapons Level 2, Zergling x4  
  95  8:37  Zergling x2  
  95  8:38  Queen, Zergling x2  
  95  8:39  Zergling x4  
  97  8:47  Baneling x2  
  97  8:48  Drone, Zergling x2  
  93  8:52  Spine Crawler x2, Baneling x7  
  93  8:55  Zergling x2  
  92  8:56  Zergling x2  
  92  9:00  Queen, Zergling x2  
  96  9:04  Queen  
  99  9:10  Zergling x2  
  99  9:14  Queen  
  99  9:16  Drone, Zergling x2  
  103  9:17  Drone  
  103  9:22  Drone  
  105  9:27  Hydralisk Den, Drone  
  105  9:28  Hatchery  
  105  9:29  Drone  
  103  9:35  Drone x2  
  103  9:36  Queen, Drone x3  
  103  9:40  Queen, Drone, Zergling x4  
  103  9:42  Zergling x2  
  109  9:49  Queen, Zergling x2  
  109  9:50  Zergling x6  
  108  9:53  Zergling x2  
  108  9:58  Drone  
  108  9:59  Drone x2  
  112  10:07  Hydralisk  
  114  10:25  Overlord  
  114  10:26  Overlord x3  
  111  10:36  Overlord  
  111  10:38  Zergling x4  
  111  10:40  Hydralisk  
  111  10:41  Hydralisk x2  
  111  10:42  Overlord x3  
  119  10:47  Baneling  
  119  10:48  Baneling x9  
Show
View Real Time Build Order
Export as new Build Order

Stats Protoss - Winner!

Build Orders: 1 Gate Expand, Zealot Archon, Archon Drop, Dark Templar Rush 

Get SALT Encoding   

  12  0:02  Probe (Chrono Boost)  
  14  0:14  Probe (Chrono Boost)  
  14  0:18  Pylon  
  14  0:26  Probe (Chrono Boost)  
  15  0:32  Probe (Chrono Boost)  
  15  0:40  Probe (Chrono Boost)  
  17  0:43  Gateway  
  17  0:48  Assimilator  
  17  0:53  Probe (Chrono Boost)  
  19  1:05  Probe (Chrono Boost)  
  19  1:17  Probe (Chrono Boost)  
  20  1:22  Nexus  
  20  1:32  Cybernetics Core  
  20  1:37  Probe (Chrono Boost)  
  21  1:42  Assimilator  
  21  1:49  Probe (Chrono Boost)  
  21  1:51  Pylon  
  23  2:01  Probe (Chrono Boost)  
  23  2:02  Adept  
  23  2:12  Warp Gate  
  23  2:14  Probe (Chrono Boost)  
  26  2:19  Stalker  
  26  2:26  Probe (Chrono Boost)  
  29  2:31  Probe (Chrono Boost)  
  29  2:35  Twilight Council  
  31  2:38  Probe (Chrono Boost)  
  31  2:42  Probe (Chrono Boost)  
  32  2:50  Probe (Chrono Boost)  
  33  2:54  Probe (Chrono Boost)  
  33  2:55  Robotics Facility  
  34  3:02  Probe (Chrono Boost)  
  36  3:06  Probe (Chrono Boost)  
  37  3:14  Dark Shrine, Probe (Chrono Boost)  
  37  3:18  Gateway, Probe (Chrono Boost)  
  38  3:26  Probe (Chrono Boost)  
  39  3:30  Warp Prism, Probe (Chrono Boost)  
  40  3:38  Probe (Chrono Boost)  
  40  3:39  Gateway x2  
  42  3:43  Probe (Chrono Boost)  
  44  3:52  Assimilator  
  44  3:53  Assimilator  
  44  3:55  Pylon  
  44  4:01  Pylon  
  44  4:04  Probe x2 (Chrono Boost)  
  46  4:13  Pylon  
  46  4:16  Probe (Chrono Boost)  
  46  4:17  Probe (Chrono Boost)  
  48  4:29  Probe x2 (Chrono Boost)  
  50  4:33  Pylon  
  50  4:34  Immortal  
  50  4:35  Dark Templar x4  
  62  5:04  Archon x2  
  62  5:10  Zealot x2  
  62  5:11  Zealot x2  
  70  5:18  Nexus  
  70  5:20  Observer  
  71  5:21  Pylon  
  71  5:27  Probe x2 (Chrono Boost)  
  73  5:39  Zealot x4  
  73  5:51  Gateway  
  73  5:52  Gateway  
  73  5:53  Gateway  
  73  6:03  Immortal  
  67  6:05  Sentry x4  
  67  6:09  Charge  
  75  6:23  Forge  
  77  6:26  Probe x2 (Chrono Boost)  
  77  6:28  Protoss Ground Weapons Level 1  
  77  6:30  Adept  
  77  6:31  Shield Battery  
  79  6:36  Dark Templar x2  
  79  6:37  Zealot  
  87  6:41  Probe x2 (Chrono Boost)  
  87  6:46  Archon  
  83  6:48  Probe x2 (Chrono Boost)  
  83  6:49  Probe (Chrono Boost)  
  86  6:55  Probe (Chrono Boost)  
  87  7:01  Probe x2 (Chrono Boost)  
  87  7:05  Shield Battery  
  87  7:07  Probe (Chrono Boost)  
  90  7:12  Dark Templar x4  
  90  7:13  Probe (Chrono Boost)  
  90  7:14  Probe (Chrono Boost)  
  100  7:15  Pylon  
  100  7:16  Pylon  
  100  7:18  Archon x2, Pylon  
  101  7:24  Probe (Chrono Boost)  
  101  7:30  Pylon  
  101  7:35  Probe x2 (Chrono Boost)  
  101  7:37  Zealot  
  105  7:43  Assimilator  
  105  7:44  Assimilator  
  105  7:45  Zealot x6  
  105  7:49  Templar Archives  
  117  8:03  Protoss Ground Weapons Level 2  
  85  8:24  Zealot x2, Dark Templar x4  
  85  8:25  Zealot  
  95  8:30  Archon x2  
  95  8:38  Forge  
  94  8:47  Zealot x3  
  94  8:48  Protoss Ground Armor Level 1  
  94  8:52  Gateway x2  
  94  8:54  Gateway  
  97  8:55  Probe (Chrono Boost)  
  97  8:56  Probe x2 (Chrono Boost)  
  97  8:58  Observer  
  98  9:03  Dark Templar x3  
  98  9:04  Dark Templar  
  98  9:09  Archon x2  
  106  9:12  Nexus  
  106  9:13  Pylon  
  106  9:16  Zealot x3  
  112  9:21  Observer  
  112  9:32  Warp Prism  
  112  9:38  Zealot x2, Nexus  
  116  9:40  Shield Battery  
  108  9:54  High Templar x4  
  108  9:55  Zealot x4  
  108  9:58  Archon x2  
  124  10:03  Shield Battery  
  124  10:04  Photon Cannon  
  124  10:06  Pylon  
  127  10:07  Probe x3 (Chrono Boost)  
  127  10:11  Assimilator  
  127  10:15  Assimilator  
  127  10:35  Zealot  
  127  10:36  Zealot x8  
  127  10:38  Zealot  
  127  11:01  Zealot x9  
Tags
 
Add a new tag
Caveats
  • Supply blocks, unpowered buildings, or Contaminate may cause inaccurate times.
  • Supply counts are checked every 10 seconds.